 Dungeon Crawl Stone Soup version 0.24.0-13-gcf9b319 (webtiles) character file.

Game seed: 8790992928989631046, levelgen mode: deterministic

886 Bronimir the Grave Robber (level 7, -1/50 (51) HPs)
             Began as a Demonspawn Necromancer on Mar 3, 2020.
             Slain by a necrophage (3 damage)
             ... on level 5 of the Dungeon.
             The game lasted 00:25:16 (6781 turns).

Bronimir the Grave Robber (Demonspawn Necromancer)  Turns: 6781, Time: 00:25:16

HP:   -1/50 (51)    AC:  6    Str:  9 (10) XL:     7   Next: 77%
MP:   12/12         EV: 10    Int: 15 (16) God:
Gold: 214           SH:  0    Dex: 11 (14) Spells: 5/13 levels left

rFire    . . .     SeeInvis .   I - +2 rapier "Zecew" {speed, rC+}
rCold    + + .     Gourm    .   (no shield)
rNeg     . . .     Faith    .   D - +1 ring mail
rPois    .         Spirit   .   (helmet restricted)
rElec    .         Reflect  .   (no cloak)
rCorr    .         Harm     .   (no gloves)
MR       .....                  (no boots)
Stlth    +.........             p - amulet of rage
HPRegen  0.16/turn              (no ring)
MPRegen  0.13/turn              (no ring)

@: about to teleport
A: horns 1, talons 1, cold resistance 1, mutation resistance 1
a: Evoke Berserk Rage


You were on level 5 of the Dungeon.
You were not hungry.

You visited 1 branch of the dungeon, and saw 5 of its levels.

You collected 214 gold pieces.

Inventory:

Hand Weapons
 a - a +0 spear
 b - a +0 hunting sling
 k - a +0 whip
 u - a +3 dagger of flaming
 F - a +0 whip of flaming
 I - the +2 rapier "Zecew" (weapon) {speed, rC+}
   (You found it on level 5 of the Dungeon)

   Attacks with this weapon are significantly faster.
   It protects you from cold.
Missiles
 h - 65 arrows
 l - 48 bolts
 r - 21 sling bullets
 s - 89 stones
 C - 6 javelins (quivered)
Armour
 o - a +2 robe of magic resistance
 D - a +1 ring mail (worn)
 G - a +0 helmet
Jewellery
 p - an amulet of rage (around neck)
Wands
 m - a wand of flame (20)
 E - a wand of scattershot (3)
Scrolls
 n - 3 scrolls of teleportation
 w - 2 scrolls of identify {unknown}
 y - a scroll of remove curse {unknown}
 z - 2 scrolls of noise {unknown}
 H - a scroll of random uselessness {unknown}
Potions
 f - a potion of invisibility
 g - 3 potions of curing
 i - a potion of degeneration
 t - a potion of agility
 x - a potion of haste
Comestibles
 c - 10 rations
 B - 5 chunks of flesh


   Skills:
 + Level 2.4 Fighting
 + Level 1.1 Short Blades
 + Level 1.2 Maces & Flails
 * Level 1.7 Polearms
 * Level 3.1 Armour
 + Level 2.4 Dodging
 - Level 1.7 Stealth
 + Level 3.7 Spellcasting
 * Level 7.0 Necromancy
 * Level 1.7 Evocations


You had 5 spell levels left.
You knew the following spells:

 Your Spells              Type           Power        Failure   Level  Hunger
a - Pain                  Necr           ###.         2%          1    None
b - Animate Skeleton      Necr           N/A          2%          1    None
c - Vampiric Draining     Necr           ###.......   9%          3    ###....
d - Regeneration          Chrm/Necr      ##........   34%         3    ###....

Your spell library contained the following spells:

 Spells                   Type           Power        Failure   Level  Hunger
 Animate Dead             Necr           N/A          26%         4    ####...


Dungeon Overview and Level Annotations

Branches:
Dungeon (5/15)
 Temple: D:4-7

Altars:
Ashenzari
Fedhas
Gozag
Uskayaw
Zin
The Shining One

Annotations:
D:3 3 runed translucent doors, U2Rocks's ghost, weakling DsGl
D:4 1 runed translucent door, Hector360's ghost, amateur MiFi


Innate Abilities, Weirdness & Mutations

You have sharp toenails.
Your flesh is cold resistant. (rC+)
You have a pair of small horns on your head.
You are somewhat resistant to further mutation.


Message History

You feel magically purged.
You feel a little less mighty now.
You feel a little less agile now.
The necrophage hits you but does no damage.
As you read the scroll labeled BATIGA XA QOPH, it crumbles to dust.
The creatures around you are filled with an inner flame!
It was a scroll of immolation.
The necrophage hits you but does no damage.
As you read the scroll labeled TISUXK NOFRUCI, it crumbles to dust.
You feel aware of your surroundings.
You sensed 1 altar.
It was a scroll of magic mapping.
The necrophage hits you.
* * * LOW HITPOINT WARNING * * *
You feel your flesh rotting away!
As you read the scroll labeled MIGEDWIASO, it crumbles to dust.
It is a scroll of enchant armour.
Your +0 ring mail glows green for a moment.
The necrophage hits you but does no damage.
As you read the scroll labeled LEPHIN MEIKK, it crumbles to dust.
You feel strangely unstable.
It was a scroll of teleportation.
The necrophage hits you.
You die...

..............................,,,
.................####.########***
....###..........####.#######*
....# #......................****
....# #..........#....#####..,,,,
....# #....###.).............,,,,
....###....###.÷##)...####...,,,,
.......###......<†.......#,,,,,,,
...............)@####.##.#,,,,,,,
#......#########.n###.##,#,*,****
#......# #.......#.#,*,* ##.#####
#..#.#....#,*,*
*#.##############.....####.#,*
,#................#.#......#,*
.################.....######,**
.......# #.......##.# *,,,*
.#.#.#.# #........#.# *,,,***


You could see a necrophage (inner flame).

Vanquished Creatures
  2 ogres
  A centaur (D:5)
  2 howler monkeys
  2 orc wizards (D:4)
  A hound (D:4)
  An orc priest (D:4)
  A bullfrog skeleton (D:4)
  Jessica (D:3)
  2 iguanas (D:4)
  2 worker ants (D:4)
  Natasha (thrice) (D:4)
  Robin (D:4)
  9 adders
  An adder skeleton (D:4)
  2 worms
  3 dart slugs
  4 leopard geckos
  9 orcs
  5 giant cockroaches
  20 goblins
  9 hobgoblins
  16 jackals
  3 quokkas
  5 bats
  4 kobolds
  2 quokka skeletons
  8 rats
119 creatures vanquished.

Vanquished Creatures (collateral kills)
  A goblin (D:1)
1 creature vanquished.

Vanquished Creatures (others)
  2 fungi (D:4)
2 creatures vanquished.

Grand Total: 122 creatures vanquished

Notes
Turn   | Place    | Note
-------+----------+-------------------------------------------
     0 | D:1      | Bronimir the Demonspawn Necromancer began the quest for the
                  | Orb.
     0 | D:1      | Reached XP level 1. HP: 13/13 MP: 3/3
   141 | D:1      | Found a shattered altar of Ashenzari.
   486 | D:1      | Gained mutation: Your flesh is cold resistant. (rC+)
                  | [demonic ancestry]
   486 | D:1      | Reached XP level 2. HP: 20/20 MP: 5/5
   685 | D:1      | Learned a level 1 spell: Animate Skeleton
  1077 | D:2      | Reached skill level 5 in Necromancy
  1134 | D:2      | Reached skill level 1 in Fighting
  1158 | D:2      | Reached XP level 3. HP: 11/26 MP: 1/6
  1481 | D:2      | Found a glowing golden altar of the Shining One.
  1663 | D:2      | Found a glowing silver altar of Zin.
  1887 | D:2      | Noticed an angel
  1940 | D:3      | Learned a level 3 spell: Vampiric Draining
  2043 | D:3      | Reached XP level 4. HP: 29/32 MP: 7/7
  2597 | D:3      | Found a hide-covered altar of Uskayaw.
  2714 | D:3      | Reached skill level 1 in Armour
  2877 | D:3      | Reached skill level 1 in Short Blades
  2912 | D:3      | Found a runed translucent gate.
  2914 | D:3      | Noticed U2Rocks's ghost (weakling DsGl)
  2917 | D:3      | Found a runed translucent gate.
  2917 | D:3      | Found a runed translucent gate.
  2917 | D:3      | Found an opulent altar of Gozag.
  2985 | D:3      | Reached XP level 5. HP: 9/38 MP: 2/8
  3194 | D:3      | Noticed Jessica
  3396 | D:3      | Killed Jessica
  3781 | D:4      | Reached skill level 1 in Maces & Flails
  3781 | D:4      | Reached skill level 6 in Necromancy
  3782 | D:4      | Reached XP level 6. HP: 35/44 MP: 1/10
  3832 | D:4      | Found a blossoming altar of Fedhas.
  3889 | D:4      | Noticed Robin
  4257 | D:4      | Killed Robin
  5183 | D:5      | Entered Level 5 of the Dungeon
  5258 | D:4      | Noticed Natasha
  5267 | D:4      | Killed Natasha
  5519 | D:3      | Learned a level 3 spell: Regeneration
  5671 | D:4      | Noticed Natasha
  5679 | D:4      | Killed Natasha
  5679 | D:4      | Reached skill level 1 in Polearms
  5878 | D:4      | Found a runed translucent door.
  5880 | D:4      | Noticed Hector360's ghost (amateur MiFi)
  5913 | D:4      | Noticed Natasha
  5920 | D:4      | Killed Natasha
  5920 | D:4      | Gained mutation: You have sharp toenails. [demonic
                  | ancestry]
  5920 | D:4      | Reached XP level 7. HP: 30/50 MP: 4/11
  6114 | D:4      | Reached skill level 1 in Evocations
  6728 | D:5      | Got an ancient rapier
  6729 | D:5      | Identified the +2 rapier "Zecew" {speed, rC+} (You found it
                  | on level 5 of the Dungeon)
  6747 | D:5      | Reached skill level 7 in Necromancy
  6750 | D:5      | HP: 1/51 [necrophage (6)]
  6775 | D:5      | Gained mutation: You have a pair of small horns on your
                  | head. [potion of mutation]
  6775 | D:5      | Gained mutation: You are somewhat resistant to further
                  | mutation. [potion of mutation]
  6779 | D:5      | HP: 2/51 [necrophage (4)]
  6781 | D:5      | Slain by a necrophage

Levels and vault maps discovered:
D:1:      lightli_arrival_lavapool, layout_loops_ring, ashenzari_altar_1
D:2:      layout_basic, tso_oasis_becter, zin_angel, serial_bayou_pond_b,
          hangedman_decor_points
D:3:      layout_loops_ring, overflow_temple_1_default, ebering_ghost_gozag,
          uniq_jessica
D:4:      layout_loops_ring, ebering_ghost_reflecting_pool, first_ration,
          fedhas_altar_3, uniq_natasha, uniq_robin
D:5:      layout_basic, serial_glass, glass_columns_b, glass_columns_a,
          dk_yredelemnul_ordeal, uniq_pikel

Skill      XL: |  1  2  3  4  5  6  7 |
---------------+----------------------+-----
Necromancy     | 5 6 7 |  7.0
Fighting       | 1 2 |  2.4
Dodging        | 2 |  2.4
Armour         | 1 2 3 |  3.1
Short Blades   | 1 |  1.1
Maces & Flails | 1 |  1.2
Spellcasting   | 3 |  3.7
Polearms       | 1 |  1.7
Evocations     | 1 |  1.7
Stealth        | |  1.7

Action                   |  1- 3 |  4- 6 |  7- 9 || total
-------------------------+-------+-------+-------++-------
Melee: Dagger            |    61 |    29 |       ||    90
       Whip              |     5 |    73 |       ||    78
       Spear             |       |   113 |    39 ||   152
       Kick              |       |       |    13 ||    13
       Rapier            |       |       |     9 ||     9
 Cast: Pain              |    35 |    76 |    10 ||   121
       Animate Skeleton  |     1 |     4 |       ||     5
       Vampiric Draining |     1 |     3 |    17 ||    21
 Abil: Evoke Berserk Rag |       |     1 |       ||     1
  Use: Potion            |     1 |     1 |     5 ||     7
       Scroll            |       |       |     4 ||     4
 Stab: Sleeping          |     4 |     2 |       ||     6
  Eat: Chunk             |     4 |     9 |     3 ||    16
       Ration            |       |     1 |     1 ||     2
Armor: Robe              |     8 |     6 |       ||    14
       Leather armour    |    11 |    13 |       ||    24
       Ring mail         |       |    59 |    50 ||   109
Dodge: Dodged            |    58 |   128 |    93 ||   279
